 Dungeon Crawl Stone Soup version 0.25.1-2-g60ff931df9 (webtiles) character file.

Game seed: 15346898116373607934

1129 DearestLeader the Geomancer (level 8, -7/41 HPs)
             Began as a Gargoyle Earth Elementalist on Oct 25, 2020.
             Killed from afar by Maggie (29 damage)
             ... with a bolt of fire
             ... on level 6 of the Dungeon.
             The game lasted 00:09:46 (5341 turns).

DearestLeader the Geomancer (GrEE)                  Turns: 5341, Time: 00:09:48

Health: -7/41      AC:  8    Str: 13    XL:     8   Next: 35%
Magic:  2/14       EV: 12    Int: 17    God:
Gold:   519        SH:  0    Dex: 10    Spells: 5/16 levels left

rFire    . . .     SeeInvis .   z - +1 dagger (flame)
rCold    . . .     Gourm    .   (no shield)
rNeg     + . .     Faith    .   c - +0 robe
rPois    ∞         Spirit   .   H - +0 helmet
rElec    +         Reflect  .   (no cloak)
rCorr    .         Harm     .   (no gloves)
MR       +....                  (no boots)
Stlth    ++........             (no amulet)
HPRegen  0.13/turn              r - +4 ring of slaying
MPRegen  0.14/turn              j - ring of protection from magic

@: mesmerised
A: negative energy resistance 1, electricity resistance, unbreathing,
petrification resistance, rot immunity, AC +5
a: no special abilities


You were on level 6 of the Dungeon.
You were not hungry.

You visited 1 branch of the dungeon, and saw 6 of its levels.

You collected 519 gold pieces.

Inventory:

Hand Weapons
 t - a +0 dagger of draining
 y - a +0 rapier of venom
 z - a +1 dagger of flaming (weapon)
Missiles
 b - 256 stones (quivered)
Armour
 c - a +0 robe (worn)
 H - a +0 helmet (worn)
Magical Staves
 h - an uncursed staff of summoning
Jewellery
 a - an uncursed ring of see invisible
 j - a ring of protection from magic (right hand)
 r - a +4 ring of slaying (left hand)
 v - a +6 ring of dexterity
Wands
 e - a wand of random effects (19)
 C - a wand of acid (5)
 E - a wand of polymorph (7)
 G - a wand of flame (19)
Scrolls
 g - 3 scrolls of random uselessness
 i - a scroll of enchant armour {unknown}
 l - a scroll of magic mapping
 m - a scroll of remove curse {unknown}
 w - a scroll of teleportation {unknown}
 x - a scroll of blinking {unknown}
 D - 3 scrolls of amnesia {unknown}
Potions
 f - 3 potions of mutation
 k - 4 potions of heal wounds
 n - 2 potions of degeneration
 o - a potion of might
 p - 2 potions of resistance
 q - 2 potions of flight {unknown}
 s - a potion of lignification {unknown}
 u - 2 potions of ambrosia {unknown}
 A - a potion of haste {unknown}
 F - a potion of curing {unknown}
Comestibles
 d - 8 rations
 B - 6 chunks of flesh


   Skills:
 - Level 2.1 Dodging
 - Level 2.1 Stealth
 + Level 4.5 Spellcasting
 - Level 0.7 Transmutations
 * Level 10.5 Earth Magic


You had 5 spell levels left.
You knew the following spells:

 Your Spells              Type           Power        Failure   Level  Hunger
a - Sandblast             Erth           #####.       1%          1    None
b - Passwall              Tmut/Erth      ###.....     2%          2    ##.....
c - Stone Arrow           Conj/Erth      ###...       5%          3    ###....
d - Lee's Rapid Deconstr  Erth           #####.....   5%          5    ######.

Your spell library contained the following spells:

 Spells                   Type           Power        Failure   Level  Hunger
 Petrify                  Tmut/Erth      ###.....     14%         4    ####...


Dungeon Overview and Level Annotations

Branches:
Dungeon (6/15)
 Temple: D:4-7

Altars:
Cheibriados
Elyvilon
Fedhas
Hepliaklqana
Makhleb
Xom
The Shining One

Annotations:
D:6 Maggie


Innate Abilities, Weirdness & Mutations

You are resistant to torment.
Your stone body is resilient. (AC +5)
You are immune to poison.
You resist negative energy. (rN+)
You are resistant to electric shocks. (rElec)
You can survive without breathing.
You are immune to petrification.
You are immune to rotting.


Message History

Confirm with . or Enter, or press ? or * to list all spells.
Aiming: Sandblast (safe; 1% risk of failure)
Press: ? - help, Shift-Dir - straight line, f/p - Maggie
Aim: Maggie, wielding a +0 war axe and wearing +0 swamp dragon scales (moderately wounded, mesmerising)
The blast of sand hits Maggie!
Maggie is heavily wounded.
b - 257 stones Maggie hits you with a +0 war axe.
Casting: Sandblast (safe; 1% risk of failure)
Confirm with . or Enter, or press ? or * to list all spells.
Aiming: Sandblast (safe; 1% risk of failure)
Press: ? - help, Shift-Dir - straight line, f/p - Maggie
Aim: Maggie, wielding a +0 war axe and wearing +0 swamp dragon scales (heavily wounded, mesmerising)
The blast of sand hits Maggie!!
Maggie is almost dead.
b - 256 stones Maggie gestures at you while chanting.
The bolt of fire hits you!!
Ouch! That really hurt!
You die...

.. ?.. ...#
....##
......#######.. .
...
.#.............
..#.#
...............
#.#.# #@# ##.#.#
.# #@#
...#.##+####.#
#.#
.............#
#.#
.............#
#.# #...........#
#.# #...........#
#.# #...........#
#.#
#...........###.#
#.#.##.##.....#.#


You could see Maggie (mesmerising).

Vanquished Creatures
  Eustachio (D:4)
  A phantom (D:4)
  3 ogres
  Blork the orc (D:4)
  A bullfrog (D:4)
  A howler monkey (D:4)
  A crimson imp (D:5)
  A jelly (D:6)
  2 orc wizards (D:5)
  Ijyb (D:4)
  2 worker ants (D:4)
  2 hound skeletons (D:4)
  7 adders
  7 gnolls
  A shadow imp (D:5)
  2 oozes
  An adder skeleton (D:4)
  6 worms
  4 dart slugs
  4 leopard geckos
  12 orcs
  9 giant cockroaches
  7 goblins
  3 hobgoblins
  2 jackals
  3 quokkas
  3 ball pythons
  4 bats
  4 frilled lizards
  A jackal skeleton (D:5)
  6 kobolds
  8 rats
111 creatures vanquished.

Vanquished Creatures (others)
  4 toadstools (D:5)
4 creatures vanquished.

Grand Total: 115 creatures vanquished

Notes
Turn   | Place    | Note
-------+----------+-------------------------------------------
     0 | D:1      | DearestLeader the Gargoyle Earth Elementalist began the
                  | quest for the Orb.
     0 | D:1      | Reached XP level 1. HP: 10/10 MP: 3/3
   250 | D:1      | Reached skill level 4 in Earth Magic
   257 | D:1      | Reached XP level 2. HP: 8/15 MP: 1/5
  1194 | D:2      | Found a blossoming altar of Fedhas.
  1304 | D:2      | Found a white marble altar of Elyvilon.
  1309 | D:2      | Reached skill level 5 in Earth Magic
  1309 | D:2      | Reached XP level 3. HP: 19/19 MP: 3/6
  1321 | D:2      | Learned a level 2 spell: Passwall
  1326 | D:2      | Learned a level 3 spell: Stone Arrow
  1735 | D:2      | Found a burning altar of Makhleb.
  2045 | D:2      | Noticed a green death
  2056 | D:2      | Found a glowing golden altar of the Shining One.
  2160 | D:3      | Noticed an ogre
  2162 | D:3      | Reached XP level 4. HP: 24/24 MP: 4/7
  2286 | D:3      | Killed an ogre
  2286 | D:3      | Reached skill level 7 in Earth Magic
  2286 | D:3      | Reached XP level 5. HP: 28/28 MP: 3/8
  2898 | D:3      | Found a shimmering altar of Xom.
  2899 | D:3      | Found a hazy altar of Hepliaklqana.
  2900 | D:3      | Noticed a spectral ugly thing
  2974 | D:3      | Reached XP level 6. HP: 3/32 MP: 2/9
  3533 | D:4      | Noticed a phantom
  3544 | D:4      | Noticed Ijyb
  3567 | D:4      | Killed Ijyb
  3573 | D:4      | Reached skill level 8 in Earth Magic
  3659 | D:4      | Noticed Blork the orc
  3664 | D:4      | Killed Blork the orc
  3882 | D:4      | Reached XP level 7. HP: 34/36 MP: 11/11
  4007 | D:4      | Reached skill level 9 in Earth Magic
  4012 | D:4      | Noticed Eustachio
  4014 | D:4      | Learned a level 5 spell: Lee's Rapid Deconstruction
  4021 | D:4      | Killed Eustachio
  4452 | D:5      | Entered Level 5 of the Dungeon
  4519 | D:5      | Reached XP level 8. HP: 41/41 MP: 13/13
  4637 | D:5      | Found a snail-covered altar of Cheibriados.
  4656 | D:5      | Reached skill level 10 in Earth Magic
  5330 | D:6      | Noticed Maggie
  5341 | D:6      | Killed from afar by Maggie

Illustrated notes

Levels and vault maps discovered:
D:1:      dpeg_arrival_lava_temple_mockup, layout_loops_cross
D:2:      layout_basic, elyvilon_altar_3, tso_oasis_becter, fedhas_altar_1,
          makhleb_altar_promises_db
D:3:      layout_basic, regret_index_temple_of_mockery
D:4:      layout_rooms, uniq_eustachio, uniq_ijyb, uniq_blork_the_orc
D:5:      layout_gridville, nicolae_overflow_hidden_temple, first_ration,
          minmay_gold_behind_fungi
D:6:      layout_basic, grunt_temple_overflow_gold_and_silver,
          minmay_fire_ice_demons, uniq_menkaure, uniq_maggie

Skill      XL: |  1  2  3  4  5  6  7  8 |
---------------+-------------------------+-----
Earth Magic    | 4 5 7 8 9 10 | 10.5
Dodging        | 2 |  2.1
Spellcasting   | 3 4 |  4.5
Stealth        | |  2.1
Transmutations | |  0.7

Action                   |  1- 3 |  4- 6 |  7- 9 || total
-------------------------+-------+-------+-------++-------
Melee: Unarmed           |     4 |       |       ||     4
       Dagger            |   102 |   126 |   110 ||   338
       Rapier            |       |     2 |       ||     2
 Cast: Sandblast         |    16 |    23 |    25 ||    64
       Stone Arrow       |       |       |     7 ||     7
  Use: Scroll            |       |       |     7 ||     7
       Potion            |       |       |     1 ||     1
 Stab: Sleeping          |     5 |     1 |     2 ||     8
  Eat: Chunk             |     3 |     6 |     6 ||    15
Armor: Robe              |    30 |    39 |    38 ||   107
Dodge: Dodged            |    69 |    81 |    59 ||   209
